[Event "*** Titled Tuesday Blitz"]
[Site "Chess.com"]
[Date "2020.04.21"]
[Round "2"]
[White "Zurability"]
[Black "DoHoChess"]
[Result "0-1"]
[WhiteElo "2723"]
[BlackElo "2526"]
[TimeControl "180+1"]
[EndTime "10:17:17 PDT"]
[Termination "DoHoChess won by checkmate"]

1. d4 d5 2. Nf3 Nf6 3. e3 e6 4. Bd3 c5 5. b3 b6 6. Bb2 Bd6 7. Nbd2 O-O 8. O-O Nc6 9. Ne5 Bb7 10. a3 Rc8 11. f4 Ne7 12. Qe2 b5 13. dxc5 Bxc5 14.
Ndf3 a6 15. Nd4 Ne4 16. Bxe4 dxe4 17. Qg4 Bxd4 18. Bxd4 Nf5 19. Rad1 f6 20. Ba7 Bd5 21. c4 Qc7 22. cxd5 Qxa7 23. dxe6 fxe5 24. Rd7 Qxe3+ 25. Kh1 g6 26. fxe5 Rc1 27. Rdd1 Ng3+ 28. hxg3 Rxf1+ 29. Kh2 Qg1+ 30. Kh3 Qh1# 0-1

[Event "*** Titled Tuesday Blitz"]
[Site "Chess.com"]
[Date "2020.04.21"]
[Round "2"]
[White "Nathan_Filgueiras"]
[Black "Witik"]
[Result "0-1"]
[WhiteElo "2335"]
[BlackElo "2702"]
[TimeControl "180+1"]
[EndTime "10:17:17 PDT"]
[Termination "Witik won by resignation"]

1. e4 c6 2. d4 d5 3. e5 Bf5 4. h4 Qb6 5. c3 e6 6. g4 Be4 7. f3 Bxb1 8. Rxb1 c5 9. Be3 Nc6 10.
Kf2 cxd4 11. cxd4 h5 12. Ne2 hxg4 13. fxg4 Nh6 14. Bh3 O-O-O 15. b4 f6 16. g5 Nf5 17. Bxf5 exf5 18. Qc2 Kb8 19. exf6 gxf6 20. b5 Na5 21. Bf4+ Bd6 22. Qxf5 fxg5 23. hxg5 Rhf8 24. Qg4 Bxf4 25. Nxf4 Qxd4+ 26. Kg3 Nc4 27. Rhe1 Ne3 28. Qf3 Nf5+ 29. Kg4 Qh8 30. Rh1 Qg8 31. g6 d4 32. Rbg1 Ne3+ 33.
Kg3 Rf5 34. Kf2 Rdf8 35. Rh4 Qxa2+ 36. Kg3 Rg5+ 37. Rg4 Rxg4+ 38. Qxg4 Nxg4 39. Kxg4 Rxf4+ 40. Kxf4 Qf2+ 0-1

[Event "*** Titled Tuesday Blitz"]
[Site "Chess.com"]
[Date "2020.04.21"]
[Round "2"]
[White "FM_VS99"]
[Black "Ind1anStar"]
[Result "0-1"]
[WhiteElo "2306"]
[BlackElo "2620"]
[TimeControl "180+1"]
[EndTime "10:17:17 PDT"]
[Termination "Ind1anStar won by resignation"]

1. c4 e6 2. g3 d5 3. Bg2 Nf6 4. Nf3 Be7 5. O-O O-O 6. d4 dxc4 7. Qc2 a6 8. a4 Bd7 9. Qxc4 Bc6 10. Nc3 a5 11. Bg5 Nd5 12. Bxe7 Qxe7 13. Ne5 Nb6 14.
Nxc6 Nxc6 15. Qd3 Nb4 16. Qd2 c6 17. e3 Rfd8 18. Qe2 e5 19. dxe5 Qxe5 20. Rfd1 h6 21. Rxd8+ Rxd8 22. Rd1 Qe7 23. b3 Rd6 24. Qh5 Rxd1+ 25.
Qxd1 Nd7 26. Ne4 Ne5 27. Nd6 Qd7 28. Qd4 Ned3 29. Nc4 Qf5 30. f4 Nc5 31. e4 Qh5 32. g4 Qxg4 33. Qxc5 Qd1+ 34. Bf1 Qg4+ 35. Bg2 Qd1+ 36.
Kf2 Nd3+ 37. Kg3 Nxc5 38. Ne5 Qxb3+ 0-1

[Event "*** Titled Tuesday Blitz"]
[Site "Chess.com"]
[Date "2020.04.21"]
[Round "2"]
[White "patzerplay"]
[Black "ZeZacarias"]
[Result "1-0"]
[WhiteElo "2395"]
[BlackElo "2052"]
[TimeControl "180+1"]
[EndTime "10:17:17 PDT"]
[Termination "patzerplay won on time"]

1. e4 e6 2. d4 d5 3. Nc3 Nf6 4. e5 Nfd7 5. Nce2 c5 6. c3 Nc6 7. f4 Qb6 8. Nf3 f6 9. h4 cxd4 10. cxd4 fxe5 11. fxe5 Bb4+ 12. Bd2 O-O 13. Bc3 Ne7 14. Qd3 Nf5 15. g4 Nh6 16. Ng5 g6 17. h5 Bxc3+ 18. bxc3 Nxg4 19. hxg6 h6 20. Nf7 Ndxe5 21.
dxe5 Nf2 22. Qd2 Nxh1 23. Qxh6 Rxf7 24. gxf7+ Kxf7 25. Qh7+ Ke8 26. Qxh1 Kd7 27. Qh7+ Kc6 28. Nd4+ Kc5 29. Qe7+ 1-0

[Event "*** Titled Tuesday Blitz"]
[Site "Chess.com"]
[Date "2020.04.21"]
[Round "2"]
[White "saisree"]
[Black "x-5963514717"]
[Result "0-1"]
[WhiteElo "2314"]
[BlackElo "2628"]
[TimeControl "180+1"]
[EndTime "10:17:18 PDT"]
[Termination "x-5963514717 won by resignation"]

1. e4 e5 2. Nf3 Nc6 3. Bc4 Bc5 4. c3 Nf6 5. d3 O-O 6. O-O d6 7. Nbd2 a5 8. a4 Re8 9. Re1 Be6 10. Bxe6 Rxe6 11.
Nc4 d5 12. exd5 Qxd5 13. Ne3 Qd7 14. Qb3 b6 15. Rd1 Rd8 16. h3 Nd5 17. Nc4 Nf4 18.
Be3 Bxe3 19. Nxe3 Nxd3 20. Ne1 Nc5 21. Qb5 Qe8 22. Rxd8 Nxd8 23. Qc4 Rd6 24. Nf3 e4 25. Nd4 Nde6 26. Ndf5 Rd2 27. b4 Nd3 28. Ng4 h5 29.
Qxe4 hxg4 30. Qe3 Rxf2 31. Qxd3 Nf4 32. Qd4 Ne2+ 0-1

[Event "*** Titled Tuesday Blitz"]
[Site "Chess.com"]
[Date "2020.04.21"]
[Round "2"]
[White "pedromartinez91"]
[Black "hongnhung1234"]
[Result "1-0"]
[WhiteElo "2415"]
[BlackElo "2139"]
[TimeControl "180+1"]
[EndTime "10:17:18 PDT"]
[Termination "pedromartinez91 won by checkmate"]

1. e4 c5 2. Nf3 e6 3. d4 cxd4 4. Nxd4 Nc6 5. Nc3 Qc7 6. Be3 a6 7. f4 b5 8. a3 Bb7 9. Bd3 Nxd4 10. Bxd4 Qxf4 11. Rf1 Qxh2 12. g3 Qxg3+ 13. Bf2 Qg5 14. Qf3 Nf6 15. Be3 Qh4+ 16. Bf2 Qg5 17. Be3 Qg4 18. Qf2 O-O-O 19. e5 Nd5 20. Nxd5 Bxd5 21. a4 b4 22. Bxa6+ Bb7 23. Bxb7+ Kxb7 24. a5 Be7 25. a6+ Ka8 26. Rg1 Qe4 27. O-O-O Rc8 28. Kb1 b3 29. Rc1 bxc2+ 30. Rxc2 Rxc2 31. Qxc2 Qxc2+ 32. Kxc2 g6 33. Rd1 Rc8+ 34. Kb3 Rd8 35. Ka4 d6 36. Bb6 Rd7 37. b4 d5 38. b5 h5 39. Bd4 Rc7 40.
b6 Rc4+ 41. Kb5 Kb8 42. Ra1 Rb4+ 43. Kc6 Rc4+ 44. Kd7 Rxd4 45. a7+ Ka8 46. b7+ Kxb7 47. a8=Q+ Kb6 48. Qa6+ Kc5 49. Qa7+ Kc4 50. Qa4+ Kd3 51. Rd1+ Ke4 52. Qxd4+ Kf5 53. Rf1+ Kg5 54. Qf4# 1-0

[Event "*** Titled Tuesday Blitz"]
[Site "Chess.com"]
[Date "2020.04.21"]
[Round "2"]
[White "CMS13"]
[Black "Angel_Hranitel_37"]
[Result "1-0"]
[WhiteElo "2137"]
[BlackElo "2386"]
[TimeControl "180+1"]
[EndTime "10:17:18 PDT"]
[Termination "CMS13 won by checkmate"]

1. e4 c5 2. Nc3 Nc6 3. Bb5 Nd4 4. Nf3 e6 5. Ba4 a6 6. Nxd4 cxd4 7. Ne2 e5 8. O-O Nf6 9. d3 Bd6 10. c3 dxc3 11. bxc3 b5 12. Bb3 O-O 13. f4 Qb6+ 14. Kh1 Ng4 15. Qe1 exf4 16. Nxf4 Qc5 17. d4 Qg5 18. e5 Bc7 19. h3 Nh6 20. Ne6 Qh5 21.
Nxf8 Kxf8 22. Bxh6 Bb7 23. Bxg7+ Kxg7 24. Qg3+ Qg6 25.
Rxf7+ Kh6 26. Qh4+ Qh5 27. Rxh7+ Kxh7 28. Qxh5+ Kg7 29.
Qf7+ Kh6 30. Bc2 Bd8 31. Qg6# 1-0

[Event "*** Titled Tuesday Blitz"]
[Site "Chess.com"]
[Date "2020.04.21"]
[Round "2"]
[White "Manukyan_Artak"]
[Black "MoreChessJulia"]
[Result "0-1"]
[WhiteElo "2347"]
[BlackElo "1766"]
[TimeControl "180+1"]
[EndTime "10:17:18 PDT"]
[Termination "MoreChessJulia won by checkmate"]

1. e4 c5 2. Nf3 d6 3. c3 Bg4 4.
h3 Bxf3 5. Qxf3 e6 6. d4 cxd4 7. cxd4 Nf6 8. Nc3 Nbd7 9. Bf4 a6 10. Bd3 Be7 11. O-O O-O 12. e5 Ne8 13. Qxb7 dxe5 14. dxe5 Nc5 15. Bxh7+ Kxh7 16. Qf3 Rc8 17. Rad1 Qc7 18.
Rfe1 Qc6 19. Qg4 f5 20. exf6 Nxf6 21. Qe2 Nfe4 22. Nxe4 Rxf4 23. Qh5+ Kg8 24. Ng5 Bxg5 25. Qxg5 Rcf8 26. Re2 Ne4 27. Qe5 Nxf2 28. Rd6 Qc1+ 29. Kh2 Qh1+ 30. Kg3 Rf3+ 31. Kh4 Qxg2 32. Qxe6+ Kh8 33.
Qg6 R3f4+ 34. Kh5 Qxh3+ 35. Kg5 Qh4# 0-1

[Event "*** Titled Tuesday Blitz"]
[Site "Chess.com"]
[Date "2020.04.21"]
[Round "2"]
[White "GulamaliRises"]
[Black "dusanacns"]
[Result "1-0"]
[WhiteElo "2560"]
[BlackElo "2776"]
[TimeControl "180+1"]
[EndTime "10:17:19 PDT"]
[Termination "GulamaliRises won by resignation"]

1. e4 c5 2. Nf3 d6 3. d4 cxd4 4. Nxd4 Nf6 5. Nc3 a6 6. Be3 e5 7. Nb3 Be6 8. f3 Be7 9. Qd2 O-O 10. O-O-O Qc7 11. g4 Rc8 12. g5 Nh5 13. Nd5 Bxd5 14. exd5 Nd7 15. Bh3 a5 16. Kb1 a4 17. Nc1 a3 18. b3 g6 19. c4 Bf8 20. Ne2 Bg7 21. Rc1 Re8 22. Nc3 f5 23. gxf6 Ndxf6 24. Be6+ Kh8 25.
Nb5 Qe7 26. c5 dxc5 27. Bxc5 Qd8 28. Nd6 Re7 29. Qb4 Nf4 30. Nxb7 Rxb7 31. Qxb7 Rb8 32. Be7 Rxb7 33. Bxd8 N6xd5 34. Rc8 h5 35. Bg5+ Kh7 36.
Bg8+ Kh8 37. Bxd5+ Kh7 38. Bxb7 1-0

[Event "*** Titled Tuesday Blitz"]
[Site "Chess.com"]
[Date "2020.04.21"]
[Round "2"]
[White "kleinebeer98"]
[Black "stoleriu"]
[Result "1-0"]
[WhiteElo "2717"]
[BlackElo "2499"]
[TimeControl "180+1"]
[EndTime "10:17:20 PDT"]
[Termination "kleinebeer98 won by checkmate"]

1. e4 e6 2. d4 d5 3. Nc3 Bb4 4. e5 c5 5. a3 Ba5 6. b4 cxd4 7. Nb5 Bc7 8. f4 Nc6 9. Nf3 Bd7 10. Nxc7+ Qxc7 11. Bd3 a6 12. O-O Nge7 13. Qe1 h5 14. Qg3 g6 15. Bb2 Rc8 16. Nxd4 Nxd4 17. Bxd4 Bb5 18.
a4 Bxd3 19. cxd3 Nf5 20. Qf2 Qc2 21. Bc5 Qxd3 22. Rfd1 Qe4 23. b5 h4 24. h3 Ng3 25.
Re1 Qd3 26. Ba3 Rc2 27. Qa7 f5 28. exf6 Qd2 29. Rxe6+ Kf7 30. Qxb7+ Kxe6 31. Qe7+ Kf5 32. Qe5# 1-0

[Event "*** Titled Tuesday Blitz"]
[Site "Chess.com"]
[Date "2020.04.21"]
[Round "2"]
[White "turayev_shahruh17"]
[Black "penguingm1"]
[Result "0-1"]
[WhiteElo "2580"]
[BlackElo "2854"]
[TimeControl "180+1"]
[EndTime "10:17:21 PDT"]
[Termination "penguingm1 won by resignation"]

1. e4 e5 2. Nc3 Nf6 3. Bc4 Bc5 4. d3 d6 5. f4 Nc6 6. f5 Nd4 7. Bg5 c6 8. Nf3 Qb6 9. Na4 Qa5+ 10. c3 b5 11.
Nxc5 bxc4 12. Na4 Nxf3+ 13. gxf3 cxd3 14. b4 Qb5 15. Nb2 Ba6 16. a4 Qb6 17. Nxd3 h6 18. a5 Qb5 19. Bxf6 gxf6 20. Nf2 c5 21. Ng4 Ke7 22.
Nxf6 Kxf6 23. Qxd6+ Kg7 24. Rg1+ Kh7 25. Ra2 Rhg8 26. Rag2 Rxg2 27. Rxg2 Qf1+ 28. Kd2 Qxg2+ 0-1

[Event "*** Titled Tuesday Blitz"]
[Site "Chess.com"]
[Date "2020.04.21"]
[Round "2"]
[White "hellokostya"]
[Black "stanyga"]
[Result "0-1"]
[WhiteElo "2481"]
[BlackElo "2699"]
[TimeControl "180+1"]
[EndTime "10:17:21 PDT"]
[Termination "stanyga won by resignation"]

1. d4 Nf6 2. c4 e6 3. Nf3 b6 4. g3 Ba6 5. b3 Bb7 6. Bg2 Bb4+ 7.
Bd2 c5 8. Bxb4 cxb4 9. O-O O-O 10. Qd3 d6 11. Nbd2 Nbd7 12. e4 e5 13. Ne1 Re8 14. Nc2 a5 15. Rfe1 Qc7 16. Ne3 exd4 17. Qxd4 Qc5 18.
Qd3 Ne5 19. Qe2 Nc6 20. Nd5 Nxd5 21. cxd5 Nd4 22. Qg4 Nc2 23. Rac1 Bxd5 24. Rf1 Be6 25. Qd1 Rac8 26. Nc4 Nd4 27. Qd2 b5 28. Nxd6 Qxd6 29.
Rxc8 Rxc8 30. Rd1 Rd8 31. Qe1 Ne2+ 32. Qxe2 Qxd1+ 0-1

[Event "*** Titled Tuesday Blitz"]
[Site "Chess.com"]
[Date "2020.04.21"]
[Round "2"]
[White "Shivagami"]
[Black "ErikRonka"]
[Result "0-1"]
[WhiteElo "2142"]
[BlackElo "2416"]
[TimeControl "180+1"]
[EndTime "10:17:21 PDT"]
[Termination "ErikRonka won by resignation"]

1. d4 d5 2. Bf4 c5 3. e3 Nc6 4. c3 cxd4 5. exd4 Bf5 6. Qb3 Qd7 7. Nf3 f6 8. Na3 g5 9. Bg3 h5 10. h4 g4 11. Nd2 Nh6 12. Nb5 Rc8 13. O-O-O a6 14.
Nc7+ Rxc7 15. Bxc7 Qxc7 16. Qxd5 e6 17. Qb3 Na5 18. Qa4+ b5 19. Bxb5+ axb5 20. Qxb5+ Kf7 21. Rhe1 Bd6 22. Ne4 Bf4+ 23. Kb1 Rb8 24. Qa4 Qb7 25. b3 Bxe4+ 26. Ka1 Ra8 27. d5 Nxb3+ 28. Qxb3 Qxb3 0-1

[Event "*** Titled Tuesday Blitz"]
[Site "Chess.com"]
[Date "2020.04.21"]
[Round "2"]
[White "SoltaniciR"]
[Black "GMBenjaminBok"]
[Result "0-1"]
[WhiteElo "2594"]
[BlackElo "2873"]
[TimeControl "180+1"]
[EndTime "10:17:22 PDT"]
[Termination "GMBenjaminBok won by resignation"]

1. e4 c5 2. Nf3 d6 3. Nc3 Nf6 4. d4 cxd4 5. Nxd4 a6 6. Be3 e5 7. Nb3 Be6 8. f3 Be7 9. Qd2 O-O 10. O-O-O Nbd7 11. g4 b5 12. g5 Nh5 13. Kb1 Nb6 14. Rg1 Rc8 15. Nd5 Bxd5 16. exd5 Nc4 17. Bxc4 bxc4 18. Nc1 c3 19. bxc3 Qc7 20. Rg4 Qxc3 21. Qxc3 Rxc3 22. Rd3 Rc7 23. Rb4 Rfc8 24. Rb2 Nf4 25. Bxf4 exf4 26. Ne2 Bxg5 27. c3 Bf6 28. Rb3 g5 29. Kc2 Be5 30. Ra3 Rb8 31. Rb3 Rxb3 32.
axb3 Kg7 33. Nd4 Bxd4 34. Rxd4 a5 35. Kd3 f5 36. Ra4 Rc5 37. Kd4 Kf6 38. b4 axb4 39.
cxb4 Rc1 40. b5 Rb1 41. Ra6 Rd1+ 42. Kc4 Ke5 43. Ra8 Rc1+ 44. Kb4 g4 0-1

[Event "*** Titled Tuesday Blitz"]
[Site "Chess.com"]
[Date "2020.04.21"]
[Round "2"]
[White "Danfii"]
[Black "DanielRensch"]
[Result "1-0"]
[WhiteElo "2290"]
[BlackElo "2493"]
[TimeControl "180+1"]
[EndTime "10:17:22 PDT"]
[Termination "Danfii won on time"]

1. e4 c5 2. Nf3 d6 3. d4 cxd4 4. Nxd4 Nf6 5. Nc3 a6 6. Be3 e5 7. Nb3 Be6 8. h3 Nbd7 9. g4 h6 10. Qd2 b5 11. Bg2 Rc8 12. O-O-O Nb6 13. Bxb6 Qxb6 14.
Nd5 Bxd5 15. exd5 Be7 16. Kb1 Nd7 17. h4 b4 18. g5 a5 19. gxh6 Rxh6 20. f4 a4 21. Nc1 Bf6 22. Nd3 b3 23. Rc1 exf4 24.
cxb3 Rxc1+ 25. Rxc1 Be5 26. Nxe5 Nxe5 27. Qxf4 axb3 28.
a3 Ke7 29. Qg5+ Rf6 30. Qxg7 1-0

[Event "*** Titled Tuesday Blitz"]
[Site "Chess.com"]
[Date "2020.04.21"]
[Round "2"]
[White "gusmaster2262"]
[Black "ADODOVE"]
[Result "0-1"]
[WhiteElo "2343"]
[BlackElo "1907"]
[TimeControl "180+1"]
[EndTime "10:17:24 PDT"]
[Termination "ADODOVE won on time"]

1. d4 Nf6 2. c4 e6 3. Nc3 Bb4 4. e3 O-O 5. Ne2 d5 6. a3 Bd6 7. c5 Be7 8. Ng3 b6 9. b4 a5 10. Bd2 Ba6 11. b5 Bc8 12. c6 e5 13. dxe5 Ng4 14.
Bd3 Nxe5 15. Bxh7+ Kxh7 16. Qh5+ Kg8 17. Qxe5 Bf6 18.
Qh5 d4 19. exd4 Re8+ 20. Nge2 Qxd4 21. Be3 Qxc3+ 22. Nxc3 Bxc3+ 23. Ke2 Bxa1 24. Rxa1 Be6 25. Qh4 Nxc6 26. bxc6 Rad8 27. Rd1 Rd5 28. Rxd5 Bxd5 29. Qg3 Re7 30. Kd2 Bxc6 31. Bf4 Rd7+ 32. Kc3 b5 33. Bxc7 b4+ 34. axb4 axb4+ 35. Kxb4 f6 0-1

[Event "*** Titled Tuesday Blitz"]
[Site "Chess.com"]
[Date "2020.04.21"]
[Round "2"]
[White "7Madman"]
[Black "yobdc"]
[Result "0-1"]
[WhiteElo "2591"]
[BlackElo "1749"]
[TimeControl "180+1"]
[EndTime "10:17:25 PDT"]
[Termination "yobdc won by resignation"]

1. e4 c6 2. d4 d5 3. Nd2 dxe4 4. Nxe4 Bf5 5. Ng3 Bg6 6. h4 h6 7.
Nf3 Nd7 8. h5 Bh7 9. Bd3 Bxd3 10. Qxd3 e6 11. Bd2 Ngf6 12. O-O-O Be7 13. Kb1 O-O 14.
Qe2 a5 15. Ne5 a4 16. Ne4 a3 17. b3 Nxe4 18. Qxe4 Nxe5 19. dxe5 Qd5 20. Qe2 Qb5 21.
Qxb5 cxb5 22. Be3 Rfd8 23. Bb6 Rxd1+ 24. Rxd1 Kf8 25. c3 Ke8 26. Kc2 Rc8 27. Rd3 f6 28. Bd4 b4 29. exf6 gxf6 30. c4 b5 31. Rg3 Kf7 32.
Rg6 bxc4 33. Rxh6 e5 34. Rh7+ Ke6 35. Be3 cxb3+ 36. Kxb3 Rc3+ 37. Ka4 b3 38. h6 bxa2 39. Rxe7+ Kxe7 40. h7 Rc8 0-1

[Event "*** Titled Tuesday Blitz"]
[Site "Chess.com"]
[Date "2020.04.21"]
[Round "2"]
[White "chito89"]
[Black "Shoytan"]
[Result "0-1"]
[WhiteElo "2755"]
[BlackElo "2543"]
[TimeControl "180+1"]
[EndTime "10:17:26 PDT"]
[Termination "Shoytan won on time"]

1. d4 Nf6 2. c4 g6 3. Nc3 Bg7 4. e4 O-O 5. h3 d6 6. Be3 e5 7. d5 Na6 8. g4 Nc5 9. Qc2 c6 10.
Nf3 cxd5 11. cxd5 Bd7 12. Nd2 Rc8 13. Be2 b5 14. g5 Nh5 15. Bxh5 gxh5 16. Nb3 Na4 17.
Qd2 Nxc3 18. bxc3 Rc4 19. Qd3 Qc7 20. Rc1 Rc8 21. Kf1 a5 22. Kg2 a4 23. Nd2 Rxc3 24. Rxc3 Qxc3 25. Qe2 h4 26. Qh5 Qb2 27. Nf3 Rc3 28.
Re1 Qxa2 29. Nxh4 Qc2 30. Qf3 a3 31. Nf5 Bxf5 32. Qxf5 Rc4 33. Bb6 a2 34. Bd8 Rxe4 35.
Rxe4 a1=Q 36. Bf6 Qab1 0-1

[Event "*** Titled Tuesday Blitz"]
[Site "Chess.com"]
[Date "2020.04.21"]
[Round "2"]
[White "FROGGY64"]
[Black "PawnEatingZombie"]
[Result "1-0"]
[WhiteElo "2405"]
[BlackElo "2120"]
[TimeControl "180+1"]
[EndTime "10:17:26 PDT"]
[Termination "FROGGY64 won on time"]

1. d4 d5 2. c4 e6 3. Nf3 dxc4 4. g3 b5 5. Bg2 Bb7 6. a4 c6 7. O-O Nd7 8. Nc3 a6 9. b3 b4 10. Ne4 c3 11. Bf4 c5 12. Nd6+ Bxd6 13. Bxd6 Rc8 14. dxc5 Nxc5 15. Qd4 Nxb3 16. Qxg7 Qf6 17. Qxf6 Nxf6 18.
Rab1 Bxf3 19. Rxb3 Bxg2 20. Kxg2 Ne4 21. Be5 f6 22.
Rxb4 Nd2 23. Bxf6 Nxf1 24. Bxh8 c2 25. Bb2 c1=Q 26. Bxc1 Rxc1 27. Rb6 Kf7 28. Rb7+ Kg6 29. Re7 Kf6 30. Rxh7 Nd2 31. Ra7 a5 32. Rxa5 Nb3 33. Ra6 Rc2 34. e3 Nc1 35. Ra8 Nd3 36. Rf8+ Ke7 37. Rf3 Ra2 38. h4 Rxa4 39. Kh3 Ne5 40. Rf4 Ra2 41. g4 Nd3 42. Rf3 Nxf2+ 43. Kg3 Ne4+ 44.
Kf4 Nf6 45. g5 Nd5+ 46. Kg3 Ra8 47. e4 Nb4 48. h5 Rg8 49. Kg4 Nc6 50. Rf1 Ne5+ 51. Kh4 1-0

[Event "*** Titled Tuesday Blitz"]
[Site "Chess.com"]
[Date "2020.04.21"]
[Round "2"]
[White "HarryCun"]
[Black "ApacheSVD"]
[Result "0-1"]
[WhiteElo "2155"]
[BlackElo "2422"]
[TimeControl "180+1"]
[EndTime "10:17:27 PDT"]
[Termination "ApacheSVD won by resignation"]

1. Nf3 c5 2. g3 Nc6 3. Bg2 e5 4. d3 d5 5. O-O Nf6 6. Nbd2 Be7 7.
e4 O-O 8. Re1 Qc7 9. b3 Re8 10.
Bb2 d4 11. Qe2 b5 12. a3 a5 13. Nf1 Ba6 14. h3 c4 15. g4 Qd6 16. Ng3 g6 17. Nh2 Nd7 18. Bc1 Nc5 19. g5 cxb3 20. Ng4 Nd8 21. h4 bxc2 22. Qf3 b4 23. Nh6+ Kf8 24.
h5 Nxd3 25. hxg6 hxg6 26. Rf1 Nxc1 27. Raxc1 Bxf1 28. Rxf1 Bxg5 29. Ng4 c1=Q 30. Rxc1 Bxc1 31. Nf6 Bf4 32. Qb3 Qxf6 0-1

[Event "*** Titled Tuesday Blitz"]
[Site "Chess.com"]
[Date "2020.04.21"]
[Round "2"]
[White "AlexandraSamaganova"]
[Black "kingofthenil"]
[Result "0-1"]
[WhiteElo "2112"]
[BlackElo "2533"]
[TimeControl "180+1"]
[EndTime "10:17:28 PDT"]
[Termination "kingofthenil won by checkmate"]

1. c4 e5 2. Nc3 Nf6 3. Nf3 Nc6 4. a3 g6 5. b4 d6 6. e3 Bg7 7. Bb2 O-O 8. Be2 h6 9. d4 Bg4 10. d5 Ne7 11. O-O Nh7 12. Nd2 Bd7 13. Nb3 f5 14. f3 Nf6 15. c5 g5 16. f4 Ng6 17. g3 exf4 18. exf4 Ne4 19. Rc1 Kh7 20. Qd3 gxf4 21. gxf4 Qh4 22. Qf3 Rae8 23. Bd3 Nxc3 24. Bxc3 Bxc3 25. Rxc3 Qg4+ 26. Qxg4 fxg4 27. Bxg6+ Kxg6 28. cxd6 cxd6 29. Rc7 Bb5 30. Rf2 h5 31. Nd4 Bd3 32.
Ne6 Rf5 33. Rg7+ Kf6 34. Rxb7 Rxd5 35. Nc7 Re1+ 36. Kg2 Be4+ 37. Kg3 Rd3+ 38. Kh4 Rh3# 0-1

[Event "*** Titled Tuesday Blitz"]
[Site "Chess.com"]
[Date "2020.04.21"]
[Round "2"]
[White "harvsp123"]
[Black "inegrepus"]
[Result "0-1"]
[WhiteElo "2459"]
[BlackElo "2276"]
[TimeControl "180+1"]
[EndTime "10:17:28 PDT"]
[Termination "inegrepus won by resignation"]

1. e4 e6 2. d4 d5 3. Nc3 dxe4 4. Nxe4 Nd7 5. Nf3 Ngf6 6. Bg5 h6 7. Bxf6 Nxf6 8.
Nxf6+ Qxf6 9. Bb5+ c6 10. Bd3 Bd6 11. Qe2 O-O 12. O-O-O c5 13. dxc5 Bxc5 14. Qe4 g6 15. h4 Bxf2 16. h5 Kg7 17. Rdf1 Bg3 18. hxg6 Qf4+ 19.
Qxf4 Bxf4+ 20. Kb1 fxg6 21. g3 Be3 22. Ne5 Bd4 23.
Rxf8 Kxf8 24. Nxg6+ Kg7 25. Nf4 Bd7 26. Nh5+ Kg8 27. Be4 Bc6 28. Bxc6 bxc6 29. c3 Bb6 30. Re1 Kf7 31. Rf1+ Kg6 32. g4 Rd8 33. Nf4+ Kf6 34.
Nd5+ Ke5 35. Ne7 Rd2 36. Nxc6+ Kd6 37. Nb4 Rg2 38. Rf6 Rxg4 39. Rxh6 Rg2 40. a4 Be3 41. Ka2 Bxh6 0-1

[Event "*** Titled Tuesday Blitz"]
[Site "Chess.com"]
[Date "2020.04.21"]
[Round "2"]
[White "Zq1"]
[Black "Richarzard69"]
[Result "0-1"]
[WhiteElo "2562"]
[BlackElo "2258"]
[TimeControl "180+1"]
[EndTime "10:17:29 PDT"]
[Termination "Richarzard69 won by resignation"]

1. d4 d5 2. c4 c6 3. cxd5 cxd5 4.
Bg5 Nc6 5. Nc3 Bf5 6. e3 Nf6 7. Bxf6 gxf6 8. Nge2 e6 9. g3 Nb4 10. Qa4+ Qd7 11. Qxd7+ Kxd7 12. Kd2 Nd3 13. f3 Nxb2 14. Nf4 Rc8 15. e4 Bb4 16. Bb5+ Kd6 17. Rhc1 dxe4 18. fxe4 Bxe4 19. Ne2 a6 20. Ke3 Bg6 21. a3 Bxc3 22. Nxc3 axb5 23. Nxb5+ Kd7 24. Na7 Ra8 25. Nb5 Rhc8 26.
Rxc8 Rxc8 27. Ra2 Nc4+ 28. Kf4 e5+ 29. dxe5 fxe5+ 30. Kg5 e4 31. h4 e3 32. h5 Bd3 33. Nc3 Re8 34. Ne2 Bxe2 35. Rxe2 Nxa3 36. Kh6 Nb5 37. Kxh7 Nc3 38. Re1 e2 39. Kg7 Re3 40.
g4 Ke6 41. g5 Rg3 42. g6 fxg6 43. h6 Ke5 44. h7 Rh3 45. Kxg6 Ke4 46. Kg7 Ke3 47.
Rg1 Kf2 0-1

[Event "*** Titled Tuesday Blitz"]
[Site "Chess.com"]
[Date "2020.04.21"]
[Round "2"]
[White "BabyFacedAssasin"]
[Black "Shuvalov"]
[Result "1/2-1/2"]
[WhiteElo "2270"]
[BlackElo "2472"]
[TimeControl "180+1"]
[EndTime "10:17:29 PDT"]
[Termination "Game drawn - insufficient material"]

1. e4 e6 2. d4 d5 3. Bd3 dxe4 4. Bxe4 Nf6 5. Bf3 c5 6. Ne2 Nc6 7. Be3 cxd4 8. Nxd4 Ne5 9. Nc3 Bb4 10. O-O Nc4 11.
Qe2 Nxe3 12. Qxe3 O-O 13. Rad1 Qb6 14. a3 Be7 15. Ndb5 Qxe3 16. fxe3 Bc5 17. Kf2 a6 18. Nd6 Rb8 19. b4 Ba7 20. Na4 Bd7 21. Nc5 Bxc5 22.
bxc5 Bc6 23. Bxc6 bxc6 24. Rb1 Nd5 25. c4 Nc3 26. Rb6 Na4 27. Rxa6 Rb2+ 28. Kg3 Nxc5 29. Rxc6 Nd7 30. Rc7 Ne5 31. c5 Rc2 32. a4 g5 33.
h3 h5 34. a5 h4+ 35. Kh2 g4 36. hxg4 Nxg4+ 37. Kh3 Nxe3 38. Rfxf7 Rxf7 39. Nxf7 Nxg2 40. Nh6+ Kf8 41. a6 Nf4+ 42. Kxh4 Nd5 43. Rf7+ Ke8 44.
a7 Ra2 45. c6 Nb6 46. Rb7 Nc8 47. Rb8 Rxa7 48. Rxc8+ Ke7 49. Kg5 Kd6 50. Kf6 Rc7 51. Nf7+ Kxc6 52. Ne5+ Kb7 53. Re8 Rc1 54. Rxe6 Kc7 55.
Ke7 Re1 56. Rd6 Rxe5+ 57. Re6 Rxe6+ 58. Kxe6 1/2-1/2

[Event "*** Titled Tuesday Blitz"]
[Site "Chess.com"]
[Date "2020.04.21"]
[Round "2"]
[White "blobica"]
[Black "Adham_Fawzy"]
[Result "0-1"]
[WhiteElo "2529"]
[BlackElo "2778"]
[TimeControl "180+1"]
[EndTime "10:17:30 PDT"]
[Termination "Adham_Fawzy won by resignation"]

1. e4 c5 2. Nf3 Nc6 3. Bb5 g6 4.
Bxc6 bxc6 5. O-O Bg7 6. Re1 Nf6 7. e5 Nd5 8. c4 Nc7 9. b3 O-O 10. Bb2 Ne6 11. d4 cxd4 12. Nxd4 Qc7 13. h3 d6 14. Nxe6 Bxe6 15. exd6 Qxd6 16. Bxg7 Kxg7 17. Nc3 Rad8 18. Qe2 Qd3 19. Qe5+ Kg8 20. Rad1 Qc2 21. Rxd8 Rxd8 22. Ne4 Rd1 23. Ng5 Qc1 24. Rxd1 Qxd1+ 25. Kh2 Qd6 26. Qxd6 exd6 27. Ne4 d5 28. cxd5 cxd5 29. Nc5 Kf8 30. a4 Ke7 31. Kg3 Kd6 32. b4 d4 33. Kf4 Bd5 34.
Ne4+ Kc6 35. f3 Bb3 36. Nc5 Bc2 37. Ke5 d3 38. Ne4 Bxa4 39. Kd4 Bb5 40. Kc3 Kd5 41. Nf6+ Ke5 42. Nxh7 Kf4 43. h4 Ke3 44. Nf6 d2 45. Nd5+ Ke2 46. Nf4+ Ke1 0-1

[Event "*** Titled Tuesday Blitz"]
[Site "Chess.com"]
[Date "2020.04.21"]
[Round "2"]
[White "Jumbo"]
[Black "GianmarcoVaR"]
[Result "1-0"]
[WhiteElo "2824"]
[BlackElo "2566"]
[TimeControl "180+1"]
[EndTime "10:17:31 PDT"]
[Termination "Jumbo won on time"]

1. d4 Nf6 2. Nf3 e6 3. c4 Bb4+ 4. Bd2 c5 5. g3 b6 6. Bg2 Bb7 7. O-O O-O 8. Bf4 cxd4 9. Qxd4 Nc6 10.
Qd3 d5 11. cxd5 Qxd5 12. Qxd5 Nxd5 13. Bd2 Rfd8 14. Rc1 Rac8 15. a3 Be7 16. Ne1 Nd4 17. Rxc8 Rxc8 18. Bxd5 Bxd5 19. Nc3 Bc4 20. Kf1 Nb3 21.
Rd1 Nxd2+ 22. Rxd2 Rc7 23. Nc2 Kf8 24. Nd4 a6 25. Ke1 b5 26. Nc2 Ke8 27. Ne3 Bb3 28.
Rd3 Bf6 29. Kd2 1-0

[Event "*** Titled Tuesday Blitz"]
[Site "Chess.com"]
[Date "2020.04.21"]
[Round "2"]
[White "LittlePeasant"]
[Black "Neimar24"]
[Result "0-1"]
[WhiteElo "2782"]
[BlackElo "2563"]
[TimeControl "180+1"]
[EndTime "10:17:31 PDT"]
[Termination "Neimar24 won by resignation"]

1. d4 e6 2. c4 d5 3. Nc3 Nf6 4.
cxd5 exd5 5. Bg5 Be7 6. e3 c6 7. Bd3 O-O 8. Qc2 Re8 9. Nf3 Ne4 10. Bf4 Bf5 11. Nd2 Bd6 12. Bxd6 Qxd6 13. Ncxe4 dxe4 14. Nxe4 Bxe4 15. Bxe4 Qb4+ 16. Ke2 Nd7 17. Bxh7+ Kh8 18. Bf5 Nf6 19. Rhd1 g6 20. Bh3 Qb5+ 21. Ke1 Nd5 22. g3 Nb4 23. Qe2 Qd5 24. a3 Na6 25. Qf1 c5 26. Bg2 Qb3 27. Qd3 Qa4 28. Bxb7 Rab8 29. Qxa6 Qb3 30. Bf3 cxd4 31. Kf1 dxe3 32. Qd3 Qxb2 33.
fxe3 Qxh2 34. Qd4+ Kg8 35. Qh4 Qc2 36. Qh2 Qxh2 37. Bg2 Qxg3 0-1